Match 46510297
Unlisted

Match 46510297
End
Vickers Machine Gun Team
Construct Section Command Post
Infantry Section
Dingo Light Scout Car
Infantry Section
Royal Engineer Section
Construct Platoon Command Post
Grenade Package
Infantry Section
6-pounder Anti-tank Gun Team
Selects Air and Sea Battlegroup
Selects Commando Section Paradrop
Selects M1 Pack Howitzer Paradrop
Commando Section Paradrop
M1 Pack Howitzer Paradrop
Royal Engineer Section
6-pounder Anti-tank Gun Team
Construct Company Command Post
Unlock M3 Grant Medium Tanks
M3 Grant Medium Tank
Selects Supply Surplus
Selects UNKNOWN (223837)
Selects Assault Flares
Foot Guards Section
Foot Guards Section
Selects Anti-tank Rocket Loiter
Assault Flares
M3 Grant Medium Tank
Infantry Training
Royal Engineer Section
Anti-tank Rocket Loiter
M3 Grant Medium Tank
Unlock Towed 17-pounder Anti-tank Guns
Olg
rocketpossum
vindicatus
DroningGrievous
0
0

Comments sign in to comment!

No comments posted yet!